 Dungeon Crawl Stone Soup version 0.17-a0-464-g85d6e2c (webtiles) character file.

12256519 TakeFive the Conqueror (level 27, 249/249 HPs)
             Began as a Formicid Fighter on Apr 4, 2015.
             Was the Champion of Ru.
             Escaped with the Orb
             ... and 15 runes on Apr 5, 2015!
             The game lasted 13:27:38 (134335 turns).

TakeFive the Conqueror (Formicid Fighter)         Turns: 134335, Time: 13:27:39

Health: 249/249    AC: 50    Str: 39    XL:     27
Magic:  52/52      EV: 13    Int: 11    God:    Ru [******]
Gold:   16245      SH: 38    Dex: 15    Spells: 0 memorised, 58 levels left

rFire  + + .     SeeInvis +     h - +9 eudemon blade (holy)
rCold  + + .     Clarity  .     M - +12 gold dragon armour
rNeg   + + +     SustAb   .     G - +8 large shield {reflect}
rPois  +         Gourm    .     (helmet unavailable)
rElec  +         Spirit   .     T - +2 cloak of Starlight {rElec rC+ EV+4 Stlth--}
rCorr  +         Warding  .     c - +1 pair of gloves of the Lonely Beggars {Regen+ rCorr}
rMut   +         Stasis   +     x - +2 pair of boots {Fly}
MR     .....                    I - amulet of resist mutation
Stlth  ..........               V - ring "Uhal" {rN++ MP+9 Dex+5 Stlth-}
                                A - ring "Jedaz" {rPois rF+ rN+ Str+6 Int+2}

@: flying, not resistant to hostile enchantments, extremely unstealthy
A: permanent stasis, dig shafts and tunnels, four strong arms, antennae 3,
inability to read while threatened, no stealth, inability to train dodging, no
air magic, no necromancy magic, no translocations magic, magic vulnerability 2
a: Dig, Shaft Self, Draw Out Power, Power Leap, Apocalypse, Renounce Religion,
Stop Flying
0: Orb of Zot
}: 15/15 runes: decaying, serpentine, slimy, silver, golden, iron, obsidian,
icy, bone, abyssal, demonic, glowing, magical, fiery, dark


You escaped.
You worshipped Ru.
Ru was exalted by your worship.
You were not hungry.

You visited 17 branches of the dungeon, and saw 90 of its levels.
You visited Pandemonium 1 time, and saw 55 of its levels.
You visited the Abyss 10 times.
You visited 2 ziggurats, and saw 25 of their levels (deepest: 14).
You also visited: Trove and Ice Cave.

You collected 18352 gold pieces.
You spent 2107 gold pieces at shops.

Inventory:

Hand weapons
 h - a +9 eudemon blade of holy wrath (weapon)
 X - a +9 great mace of holy wrath
 Y - a +9 vampiric battleaxe
Armour
 c - the +1 pair of gloves of the Lonely Beggars (worn) {Regen+ rCorr}
   (You acquired it on level 2 of the Lair of Beasts)

   It increases your rate of regeneration.
   It protects you from acid and corrosion.
 x - a +2 pair of boots of flying (worn)
 G - a +8 large shield of reflection (worn)
 M - a +12 gold dragon armour (worn)
 T - the +2 cloak of Starlight (worn) {rElec rC+ EV+4 Stlth--}
   (You acquired it on level 4 of the Snake Pit)

   It affects your evasion (+4).
   It protects you from cold.
   It insulates you from electricity.
   It makes you much less stealthy.
Jewellery
 g - an uncursed ring of fire
 n - an uncursed amulet of clarity
 w - a +2 ring of strength
 z - the ring of Tokhoodgh {rElec rPois rF- rN+ Str+3}
   (You found it in Pandemonium)

   [ring of poison resistance]

   It affects your strength (+3).
   It makes you vulnerable to fire.
   It insulates you from electricity.
   It protects you from poison.
   It protects you from negative energy.
 A - the ring "Jedaz" (left hand) {rPois rF+ rN+ Str+6 Int+2}
   (You took it off a greater mummy on level 1 of the Tomb of the Ancients)

   [ring of intelligence]

   It affects your strength (+6).
   It affects your intelligence (+2).
   It protects you from fire.
   It protects you from poison.
   It protects you from negative energy.
 D - the ring of Lurhyt {rC+ Dex+2, unknown}
   (You found it on level 7 of Tartarus)

   [ring of protection from cold]

   It affects your dexterity (+2).
   It protects you from cold.
 I - an amulet of resist mutation (around neck)
 J - the ring "Nimieps" {Contam rF+++ MP+9 Dex+3 Stlth-}
   (You found it in a treasure trove)

   [ring of magical power]

   It affects your dexterity (+3).
   It renders you almost immune to fire.
   It affects your magic capacity (+9).
   It causes magical contamination when unequipped.
   It makes you less stealthy.
 V - the ring "Uhal" (right hand) {rN++ MP+9 Dex+5 Stlth-}
   (You found it on level 4 of the Vaults)

   [ring of magical power]

   It affects your dexterity (+5).
   It greatly protects you from negative energy.
   It affects your magic capacity (+9).
   It makes you less stealthy.
Magical devices
 i - a wand of digging (11)
 o - a wand of heal wounds (5)
 s - a wand of invisibility (1)
 y - a wand of heal wounds (9)
 B - a wand of heal wounds (9)
Scrolls
 a - 4 scrolls of silence
 b - 20 scrolls of identify
 l - 15 scrolls of fog
 q - 5 scrolls of recharging
 u - 22 scrolls of fear
 v - 52 scrolls of remove curse
 K - 4 scrolls of summoning
 P - 3 scrolls of holy word
 R - a scroll of amnesia
 S - a scroll of enchant weapon
 U - 2 scrolls of magic mapping
Potions
 k - 2 potions of resistance
 r - 2 potions of curing
 E - 7 potions of restore abilities
 F - 8 potions of cancellation
 O - 4 potions of cure mutation
 W - 6 potions of brilliance
 Z - 4 potions of magic
Books
 H - a manual of Fighting
Miscellaneous
 L - the horn of Geryon
Comestibles
 d - 40 bread rations
 f - 8 fruits
 j - 12 royal jellies
 m - 22 beef jerkies
 t - a slice of pizza
 N - 26 meat rations


   Skills:
 O Level 27 Fighting
 O Level 27 Long Blades
 O Level 27 Axes
 O Level 27 Maces & Flails
   Level 11.4 Slings
 O Level 27 Armour
 O Level 27 Shields
 O Level 27 Unarmed Combat
 + Level 16.3 Spellcasting
 O Level 27 Evocations


You had 58 spell levels left.
You didn't know any spells.

Dungeon Overview and Level Annotations

Branches:
Dungeon (15/15)            Temple (0/1) D:7            Lair (8/8) D:11
  Swamp (5/5) Lair:5        Snake (5/5) Lair:5        Slime (6/6) Lair:7
    Orc (4/4) D:9             Elf (3/3) Orc:3        Vaults (5/5) D:14
  Crypt (3/3) Vaults:2       Tomb (3/3) Crypt:3      Depths (5/5) D:15
   Hell (1/1)                 Dis (7/7) Hell            Geh (7/7) Hell
    Coc (7/7) Hell            Tar (7/7) Hell            Zot (5/5) Depths:5

Altars:
Ashenzari
Elyvilon
Gozag
Kikubaaqudgha
Nemelex Xobeh
Okawaru
Ru
Trog
Xom
Zin
The Shining One
Jiyva

Shops:
D:5 !   D:6 *   Orc:3 ?   Orc:4 *}!?   Elf:3 *   Snake:1 }(::=   Snake:5 :
Vaults:4 (   Vaults:5 =[   Depths:1 *}

Portals:
Hell: Depths:1 Depths:2 Depths:3 Depths:4 Depths:5
Abyss: Depths:1 Depths:4
Pandemonium: Depths:3

Annotations:
Swamp:3 exclusion: Roxanne, Roxanne


Innate Abilities, Weirdness & Mutations

You are under a permanent stasis effect.
You can dig through walls and to a lower floor.
Your four strong arms can wield two-handed weapons with a shield.
You have a pair of large antennae on your head (SInv).
You cannot read scrolls while threatened.
You cannot be stealthy.
You cannot train Dodging skill.
You cannot study or cast Air magic.
You cannot study or cast Necromancy magic.
You cannot study or cast Translocations magic.
You are vulnerable to magic.


Message History

You dig through the rock wall.
A sixfirhy comes into view.
You block the sixfirhy's attack.
You dig through the rock wall.
You retract your mandibles.
You completely miss the sixfirhy. You closely miss the sixfirhy.
You block the sixfirhy's attack.
You slash the sixfirhy!
The sixfirhy convulses.
The sixfirhy is heavily wounded.
You block the sixfirhy's attack. x2
You hit the sixfirhy.
The sixfirhy convulses!
The sixfirhy is severely wounded.
The sixfirhy hits you but does no damage.
You block the sixfirhy's attack. x2
You barely miss the sixfirhy.
The sixfirhy is severely wounded.
You block the sixfirhy's attack. x2
You slice the sixfirhy!!
You kill the sixfirhy!
There is a staircase leading out of the dungeon here.
You have escaped!

# #.# ######...... #############
#.# #.......#### ............#
#.# #.......###.
.##########.#####.# #.####..##..
.....# #.#.....## #.#.........
.###.# #........###.#.##..###. .#
#.# ###...P...P.##.......# ## .#
#.# #...........##.#.##..#### .#
#.# #.###...@...##........... ##
#.# #.# #.......####.########
.###.# #.# #.P...P......## ##.
..##.# #.# ##.....#......# ##..
.....# ##.## ###.#...##.#.# ##...
....####...#########.#....###....
....+.....).................+....
....####...#########.#....###....
...## ##....# #.##.#.# ##...


There were no monsters in sight!

Vanquished Creatures
  Cerebov (Pan)
  Antaeus (Coc:7)
  Asmodeus (Geh:7)
  the Serpent of Hell (Coc:7)
  the royal jelly (Slime:6)
  Ereshkigal (Tar:7)
  Gloorx Vloq (Pan)
  A seraph (Pan)
  Mnoleg (Pan)
  Lom Lobon (Pan)
  Dispater (Dis:7)
  Khufu (Tomb:3)
  11 ancient liches
  13 orbs of fire
  Mennas (Vaults:3)
  29 greater mummies
  50 pandemonium lords
  Sojobo (Depths:5)
  10 shard shrikes (Coc:7)
  Frederick (Depths:4)
  the Lernaean hydra (Swamp:5)
  2 Killer Klowns (Zot:5)
  A curse toe (Zot:1)
  Geryon (Hell)
  A profane servitor (Pan)
  Nikola (Snake:1)
  10 golden dragons
  Xtahua (Depths:4)
  2 pearl dragons (Pan)
  17 bone dragons
  Jorgrun (Snake:4)
  15 tentacled monstrosities
  36 Brimstone Fiends
  2 electric golems (Zot:5)
  6 hellephants
  30 Hell Sentinels
  Rupert (Lair:7)
  32 Ice Fiends
  16 liches
  8 titans
  Asterion (Snake:5)
  5 deep elf blademasters
  5 quicksilver dragons
  3 deep elf master archers
  32 Shadow Fiends
  26 Orb Guardians
  55 Executioners
  14 ancient champions
  13 acid blobs
  2 octopode crushers
  7 sphinxes (Tomb:1)
  Agnes (Snake:1)
  11 shadow dragons
  10 tentacled starspawn
  2 thorn hunters
  Kirke (D:13)
  A shadow dragon (shapeshifter) (Depths:2)
  21 storm dragons
  16 azure jellies
  A spectral weapon (Snake:5)
  7 draconian monks
  3 revenants
  15 fire giants
  18 tengu reavers
  13 daevas (Pan)
  Wiglaf (Elf:2)
  8 frost giants
  13 greater nagas
  6 draconian knights
  23 chaos champions
  12 deep elf sorcerers
  8 iron dragons
  68 balrugs
  Aizul (Snake:1)
  7 draconian scorchers
  18 vault wardens
  An iron dragon (shapeshifter) (Depths:2)
  6 draconian zealots
  5 curse skulls
  7 ghost moths
  6 emperor scorpions
  67 reapers
  32 angels
  45 cacodemons
  7 ghouls (Crypt:2)
  23 warmongers (Pan)
  9 draconian shifters
  17 very ugly things
  10 war gargoyles
  7 draconian annihilators
  20 ironheart preservers
  14 ophanim (Pan)
  7 vampire knights
  3 elemental wellsprings (Coc:7)
  2 spellforged servitors (Depths:4)
  4 bennus
  28 corrupters (Pan)
  20 apis (Pan)
  19 stone giants
  2 salamander firebrands
  12 purple draconians
  10 draconian callers
  8 green draconians
  8 black draconians
  16 deep elf annihilators
  9 deep elf demonologists
  34 lorocyprocas
  11 mottled draconians
  13 red draconians
  22 blood saints (Pan)
  16 white draconians
  7 yellow draconians
  25 black suns (Pan)
  31 green deaths (Pan)
  13 deep elf death magi
  3 dire elephants
  13 ettins
  41 vault guards
  54 blizzard demons
  32 mummy priests
  2 crystal guardians
  A merfolk javelineer (Zig:5)
  15 fire dragons
  3 merfolk impalers
  2 quicksilver dragon zombies
  5 death oozes
  Josephine (Lair:7)
  4 eidola
  A kraken zombie (Coc:7)
  10 jiangshi
  13 rakshasas
  3 deep elf high priests
  3 entropy weavers
  11 death cobs
  18 great orbs of eyes
  13 yaktaur captains
  Harold (Orc:1)
  21 hydras
  16 centaur warriors
  25 ice dragons
  20 naga warriors
  4 quicksilver dragon skeletons
  15 ogre magi
  2 death knights
  2 spriggan air magi (Depths:5)
  51 monstrous demonspawn (Pan)
  4 merfolk aquamancers
  Erica (D:8)
  An alligator snapping turtle (shapeshifter) (Zig:2)
  An alligator snapping turtle (Zig:7)
  2 merfolk avatars (Depths:2)
  7 alligators
  22 dancing weapons
  11 anacondas
  5 ghost crabs
  8 catoblepae
  4 vampire magi
  5 salamander stormcallers
  2 tengu warriors
  6 death yaks
  6 deep troll shamans
  15 hell beasts
  4 deep troll earth magi
  50 soul eaters
  19 naga sharpshooters
  5 titan zombies
  5 spriggan berserkers
  7 hell hogs
  6 orc high priests
  15 shock serpents
  16 thrashing horrors
  A spectral storm dragon (Crypt:2)
  Sonja (Orc:3)
  5 storm dragon zombies
  3 fire crabs
  91 sun demons
  4 titan skeletons
  8 wretched stars
  10 iron trolls
  11 death scarabs
  79 skeletal warriors
  10 flayed ghosts
  24 deep trolls
  4 death drakes
  8 lindwurms
  A spectral anaconda (Crypt:1)
  6 wizards
  A sea snake (Zig:5)
  20 cherubim (Pan)
  29 deep elf knights
  47 hell knights
  2 storm dragon skeletons (Crypt:3)
  6 unseen horrors
  3 spatial maelstroms
  47 infernal demonspawn (Pan)
  39 shadow demons
  7 swamp dragons
  7 salamander mystics
  37 ice devils
  11 shadow wraiths
  4 giant orange brains
  13 orc knights
  3 golden dragon zombies
  7 anaconda zombies
  10 hill giants
  74 starcursed masses
  18 anubis guards
  A spectral hydra (Swamp:5)
  A kraken simulacrum (Hell)
  26 necromancers
  42 putrid demonspawn (Pan)
  5 ice statues
  2 shambling mangroves
  7 naga ritualists
  18 phantasmal warriors
  4 shadow dragon zombies
  17 deep elf summoners
  51 gelid demonspawn (Pan)
  16 ironbrand convokers
  A deep troll (shapeshifter) (Abyss:1)
  56 torturous demonspawn (Pan)
  4 orb spiders (Zig:13)
  3 anaconda skeletons
  5 tengu zombies
  12 hornets
  5 golden dragon skeletons
  A deathcap (Zot:1)
  2 sphinx zombies
  A wolf spider (shapeshifter) (Vaults:5)
  2 wolf spider zombies
  20 deep elf conjurers
  17 mana vipers
  14 orc sorcerers
  A spectral fire dragon (Crypt:1)
  8 griffons
  4 frost giant zombies
  4 tengu skeletons
  118 sixfirhies
  5 harpies
  8 cyclopes
  5 fire giant zombies
  2 manticores
  5 iron dragon zombies
  A moth of wrath (shapeshifter) (Elf:3)
  4 shadow dragon skeletons
  10 shining eyes
  11 worldbinders
  97 ugly things
  15 wolf spiders
  3 hornets (shapeshifter)
  6 stone giant zombies
  9 salamanders
  A sphinx skeleton (Vaults:2)
  A cyclops (shapeshifter) (Depths:5)
  43 rust devils
  A faun (shapeshifter) (Vaults:5)
  A toenail golem (Pan)
  159 smoke demons
  8 fire giant skeletons
  23 moths of wrath
  7 stone giant skeletons
  A water nymph (Abyss:3)
  19 naga magi
  A shock serpent zombie (Coc:7)
  2 titan simulacra (Coc:7)
  6 apocalypse crabs
  7 frost giant skeletons
  3 centaur zombies
  149 orange demons
  11 guardian serpents
  An octopode (shapeshifter) (Depths:1)
  24 elephants
  9 molten gargoyles
  40 black mambas
  5 spectral swamp worms (Tar:7)
  A dire elephant zombie (Coc:7)
  A storm dragon simulacrum (Coc:7)
  4 eyes of devastation
  8 vault sentinels
  An eye of devastation (shapeshifter) (Zig:1)
  6 torpor snails
  A catoblepas zombie (Crypt:3)
  2 emperor scorpion zombies
  21 efreet
  12 komodo dragons
  50 hellions
  3 dire elephant skeletons
  31 spiny frogs
  4 kobold demonologists (Vaults:1)
  2 spriggan skeletons
  A yaktaur zombie (Hell)
  6 fire drakes
  A gargoyle (D:14)
  36 tormentors
  57 yaktaurs
  A yaktaur skeleton (Vaults:2)
  3 anaconda simulacra (Coc:7)
  31 demonic crawlers
  2 catoblepas skeletons
  8 ancient zymes
  28 freezing wraiths
  48 guardian mummies
  143 hellwings
  6 tengu conjurers
  6 trolls
  110 red devils
  10 hydra zombies
  A harpy zombie (Dis:2)
  16 deep elf priests
  3 silent spectres
  10 jumping spiders
  10 merfolk
  44 blue devils
  A fire drake (shapeshifter) (Vaults:3)
  3 wind drakes
  3 ettin zombies
  36 small abominations
  An entropy weaver zombie (Depths:1)
  A polar bear (shapeshifter) (Abyss:1)
  Grinder (D:4)
  9 giant leeches
  2 spectral swamp dragons
  2 slime creatures (shapeshifter)
  6 hydra skeletons
  18 ushabtiu
  23 ravens
  54 slime creatures
  5 spriggan zombies
  3 harpy skeletons
  9 baby alligators
  5 boulder beetles
  2 fire vortices
  8 polar bears
  A tengu simulacrum (Zig:12)
  9 blink frogs
  7 bog bodies
  20 shadows
  5 ice dragon zombies
  33 two-headed ogres
  5 alligator zombies
  3 black mamba zombies
  A blink frog (shapeshifter) (Abyss:1)
  A trapdoor spider (Zig:13)
  32 raiju
  7 fire dragon zombies
  50 flying skulls
  3 elf skeletons
  21 redbacks
  3 alligator skeletons
  A fire giant simulacrum (Crypt:1)
  A stone giant simulacrum (Abyss:3)
  12 air elementals
  5 wyverns
  5 ettin skeletons
  4 ice dragon skeletons
  78 ynoxinuls
  39 deep elf magi
  9 fire elementals
  A tarantella (shapeshifter) (Vaults:4)
  A human simulacrum (Vaults:2)
  2 water elementals (Zig:5)
  6 fire dragon skeletons
  2 spriggans (Depths:2)
  3 hogs (D:13)
  A human (D:14)
  18 wraiths
  2 black mamba skeletons
  9 tarantellas
  65 yaks
  7 hungry ghosts
  46 deep elf fighters
  5 golden eyes
  9 vampires
  20 chaos spawn
  3 steam dragons
  A hippogriff (shapeshifter) (D:14)
  38 vampire mosquitoes
  14 hippogriffs
  4 spatial vortices
  16 wargs
  10 basilisks
  28 wolves
  A harpy simulacrum (Coc:7)
  40 nagas
  Edmund (D:5)
  18 insubstantial wisps
  A merfolk zombie (Geh:2)
  68 neqoxecs
  48 hell hounds
  8 human zombies
  4 hydra simulacra
  3 spiny frog zombies
  27 swamp worms
  A faun zombie (Crypt:1)
  A yaktaur simulacrum (Depths:1)
  7 raven skeletons
  2 spectral snapping turtles
  35 orc warriors
  3 spiny frog skeletons
  A sky beast (D:8)
  A black mamba simulacrum (Tomb:2)
  2 deep troll skeletons
  An eye of draining (shapeshifter) (Vaults:2)
  A spider (Crypt:3)
  2 mottled dragons
  A swamp dragon zombie (Crypt:3)
  46 water moccasins
  9 eyes of draining
  A manticore zombie (Dis:7)
  4 boggarts (Vaults:3)
  23 necrophages
  An ice dragon simulacrum (Tomb:2)
  13 swamp drakes
  14 black bears
  11 porcupines
  57 ogres
  A ghost crab zombie (Crypt:1)
  148 large abominations
  A phantom (Geh:1)
  22 ice beasts
  8 wasps
  3 lost souls
  2 manticore skeletons
  A boring beetle (shapeshifter) (Abyss:1)
  2 boring beetles
  31 centaurs
  15 crocodiles
  A centaur (shapeshifter) (Abyss:3)
  4 snapping turtle skeletons
  5 elf zombies
  2 big kobolds
  21 giant frogs
  8 brain worms
  2 salamander zombies
  A fire drake skeleton (Crypt:2)
  A spectral water moccasin (Swamp:5)
  An earth elemental (Abyss:3)
  A wyvern zombie (D:14)
  2 troll zombies
  3 scorpions
  5 killer bees
  23 wights
  A troll skeleton (Geh:7)
  9 crimson imps
  13 quasits
  A goliath beetle (D:10)
  A giant frog zombie (D:12)
  3 giant frog skeletons
  32 hounds
  24 jellies
  24 orc priests
  Ijyb (D:3)
  12 iguanas
  4 centaur skeletons
  17 human skeletons
  17 iron imps
  42 orc wizards
  Natasha (thrice) (D:2)
  10 hell rats
  A spectral swamp drake (Swamp:5)
  12 worker ants
  12 sheep
  2 hound zombies
  2 hound skeletons
  44 mummies
  26 adders
  12 gnolls
  2 worker ant zombies
  A swamp drake zombie (Crypt:1)
  6 white imps
  74 river rats
  10 shadow imps
  3 removed MONS_GIANT_MITEs
  A worm (shapeshifter) (D:15)
  A giant eyeball (Depths:4)
  84 ufetubi
  17 worms
  4 orc skeletons
  2 adder zombies (D:8)
  4 orc zombies
  7 giant geckos
  An ooze (shapeshifter) (Zig:12)
  An ooze (D:4)
  157 orcs
  3 ball pythons (D:2)
  18 bats
  A bat skeleton (D:4)
  2 bat zombies
  10 giant cockroaches
  30 goblins
  30 hobgoblins
  7 jackals
  30 kobolds
  9 giant newts
  A giant spore (D:12)
  A kobold zombie (Crypt:2)
  A lurking horror (Abyss:3)
  16 quokkas
  A quokka skeleton (Crypt:1)
  16 rats
  2 rat skeletons (Orc:4)
  8 ballistomycetes
  2 crawling corpses (Vaults:1)
  An eldritch tentacle segment (Tomb:2)
  8 fungi
  9 grand avatars (Pan)
  19 plants
  12 starspawn tentacles
  2 tentacles (Coc:7)
  A tentacle segment (Coc:7)
7106 creatures vanquished.

Vanquished Creatures (others)
  Vashnia (Snake:3)
  A pandemonium lord (Pan)
  Jory (Vaults:4)
  A lich (Depths:1)
  A Shadow Fiend (Pan)
  An Executioner (Pan)
  A deep elf master archer (Elf:3)
  An acid blob (Slime:6)
  An eldritch tentacle (Tomb:2)
  A daeva (Pan)
  A deep elf sorcerer (Vaults:5)
  A frost giant (Zot:1)
  A ghost moth (Zot:4)
  A draconian knight (Zot:3)
  A draconian scorcher (Zot:1)
  A warmonger (Pan)
  A draconian annihilator (Pan)
  A very ugly thing (Vaults:4)
  A stone giant (Depths:3)
  An ophan (Pan)
  A yellow draconian (Zig:9)
  2 blood saints (Pan)
  A dire elephant (Zig:10)
  A purple draconian (Zig:6)
  2 white draconians (Zig:10)
  2 deep elf death magi
  A merfolk javelineer (Zig:5)
  A death ooze (Slime:6)
  4 fire dragons
  2 ettins (Zot:1)
  A yaktaur captain (Vaults:3)
  A green death (Pan)
  A death cob (Zot:4)
  A deep elf high priest (Vaults:5)
  An ice dragon (Depths:5)
  An ogre mage (Vaults:2)
  2 hydras
  An anaconda (Snake:2)
  2 spriggan air magi
  An alligator (Swamp:4)
  A dancing weapon (Depths:2)
  A thrashing horror (Abyss:2)
  A hell hog (Hell)
  2 deep elf knights
  A naga sharpshooter (Snake:5)
  2 ice devils (Zig:11)
  A salamander mystic (Snake:5)
  2 skeletal warriors
  A sun demon (Pan)
  A titan skeleton (Depths:1)
  43 death scarabs (Tomb:2)
  A gelid demonspawn (Pan)
  4 ball lightnings (Pan)
  2 anaconda zombies
  An anubis guard (Tomb:2)
  A deep elf summoner (Elf:3)
  A torturous demonspawn (Pan)
  An orc knight (Vaults:2)
  An iron dragon zombie (Tomb:2)
  2 mana vipers
  2 orc sorcerers
  3 small abominations
  A sixfirhy (Pan)
  An elephant (Lair:8)
  A frost giant skeleton (Zig:9)
  2 guardian serpents
  A black mamba (shapeshifter) (Abyss:2)
  A naga mage (Snake:4)
  3 rust devils
  2 smoke demons (Pan)
  An orange demon (Pan)
  An anaconda simulacrum (Hell)
  A black mamba (Snake:1)
  A fire drake (Zig:8)
  11 yaktaurs
  A large abomination (Abyss:1)
  2 demonic crawlers
  5 red devils
  A catoblepas skeleton (Geh:7)
  2 two-headed ogres
  2 guardian mummies
  A polar bear (Lair:8)
  A giant leech (Swamp:3)
  2 fire vortices (Vaults:2)
  3 ravens
  2 slime creatures (Swamp:4)
  A blue devil (Pan)
  13 flying skulls
  3 ynoxinuls
  A raiju (Abyss:2)
  A wraith (Geh:7)
  A tarantella (Elf:3)
  A yak (Lair:2)
  A wyvern (Lair:8)
  A chaos spawn (Pan)
  2 vampire mosquitoes (Vaults:1)
  A neqoxec (Pan)
  A basilisk (Depths:2)
  A deep elf fighter (Elf:3)
  2 human zombies
  3 water moccasins
  A hell hound (Zig:9)
  2 deep troll skeletons
  A swamp drake (Swamp:4)
  A necrophage (Crypt:2)
  A boggart (Vaults:3)
  3 centaurs
  A manticore skeleton (Pan)
  A snapping turtle skeleton (Tomb:3)
  22 lost souls
  4 ogres
  A giant frog (D:15)
  An elf skeleton (Tomb:2)
  A spriggan zombie (Geh:7)
  A wight (D:6)
  A starcursed mass (Abyss:2)
  A hound (Lair:8)
  A crimson imp (Abyss:1)
  An orc priest (Orc:4)
  2 orc wizards
  A quasit (Tomb:1)
  A sheep (Lair:5)
  3 hell rats
  2 mummies (Tomb:2)
  7 ufetubi
  10 orcs
  2 giant spores
  2 kobolds (Depths:4)
  A lurking horror (Abyss:1)
  A rat skeleton (Orc:4)
  2 briar patches (Swamp:3)
  A crawling corpse (Elf:2)
  10 eldritch tentacle segments (Tomb:2)
  6 fungi
  A grand avatar (Pan)
  11 plants
  16 starspawn tentacles
  62 starspawn tentacle segments
  2 tentacles (Coc:7)
  27 tentacle segments (Coc:7)
421 creatures vanquished.

Grand Total: 7527 creatures vanquished

Notes
Turn   | Place    | Note
--------------------------------------------------------------
     0 | D:1      | TakeFive, the Formicid Fighter, began the quest for the Orb.
     0 | D:1      | Reached XP level 1. HP: 18/18 MP: 1/1
   186 | D:1      | Reached XP level 2. HP: 22/24 MP: 2/2
   406 | D:1      | Reached skill level 4 in Shields
   406 | D:1      | Reached XP level 3. HP: 25/29 MP: 3/3
  1225 | D:2      | Reached XP level 4. HP: 30/35 MP: 4/4
  1589 | D:2      | Reached skill level 5 in Shields
  1802 | D:2      | Found a shimmering altar of Xom.
  1812 | D:2      | Noticed an angel
  1815 | D:2      | Found a glowing silver altar of Zin.
  1902 | D:2      | Noticed Natasha
  1907 | D:2      | Killed Natasha
  1907 | D:2      | Reached XP level 5. HP: 32/41 MP: 5/5
  2051 | D:2      | Noticed Natasha
  2061 | D:2      | Killed Natasha
  2292 | D:2      | Noticed Natasha
  2297 | D:2      | Killed Natasha
  2365 | D:3      | Reached XP level 6. HP: 37/47 MP: 6/6
  2542 | D:3      | Reached skill level 6 in Shields
  2791 | D:3      | Found an iron altar of Okawaru.
  2792 | D:3      | Noticed Ijyb
  2799 | D:3      | Killed Ijyb
  2995 | D:3      | Reached skill level 5 in Axes
  2995 | D:3      | Reached XP level 7. HP: 33/52 MP: 7/7
  3152 | D:3      | Found a sacrificial altar of Ru.
  3172 | D:3      | Became a worshipper of Ru the Awakened
  3740 | D:4      | Found a sparkling altar of Nemelex Xobeh.
  4701 | D:5      | Entered Level 5 of the Dungeon
  4710 | D:5      | Noticed Grinder
  4765 | D:4      | Killed Grinder
  4765 | D:4      | Reached skill level 7 in Shields
  4779 | D:4      | Gained mutation: You cannot be stealthy. [Ru sacrifice]
  5227 | D:5      | Reached XP level 8. HP: 24/58 MP: 8/8
  5613 | D:5      | Noticed Edmund
  5629 | D:5      | Killed Edmund
  5629 | D:5      | Reached skill level 8 in Shields
  5985 | D:5      | Found an iron altar of Okawaru.
  6159 | D:5      | Found Amugeck's Distillery.
  6164 | D:5      | Bought a potion of heal wounds for 50 gold pieces
  6164 | D:5      | Bought a potion of heal wounds for 50 gold pieces
  6746 | D:6      | Found an opulent altar of Gozag.
  6799 | D:6      | Found Nyusch Nuon's General Store.
  6824 | D:6      | Reached skill level 9 in Shields
  7150 | D:6      | Reached XP level 9. HP: 57/64 MP: 9/9
  7464 | D:6      | Gained mutation: You are slightly vulnerable to magic. [Ru sacrifice]
  7464 | D:6      | Acquired Ru's first power
  7464 | D:6      | Acquired Ru's second power
  8002 | D:7      | Found a staircase to the Ecumenical Temple.
  8748 | D:7      | Found an iron altar of Okawaru.
  8769 | D:7      | Reached skill level 10 in Axes
  9861 | D:8      | Reached skill level 11 in Axes
  9861 | D:8      | Reached XP level 10. HP: 70/70 MP: 10/10
 10580 | D:8      | Gained mutation: You cannot train Dodging skill. [Ru sacrifice]
 10580 | D:8      | Acquired Ru's third power
 10647 | D:8      | Reached skill level 12 in Axes
 10861 | D:8      | Noticed Erica
 10882 | D:8      | Killed Erica
 11509 | D:5      | Bought a potion of curing for 30 gold pieces
 11509 | D:5      | Bought a potion of curing for 30 gold pieces
 11509 | D:5      | Bought a potion of curing for 30 gold pieces
 11509 | D:5      | Bought a potion of heal wounds for 50 gold pieces
 11509 | D:5      | Bought a potion of heal wounds for 50 gold pieces
 11509 | D:5      | Bought a potion of curing for 30 gold pieces
 11634 | D:9      | Found a staircase to the Orcish Mines.
 11854 | D:9      | Found a shattered altar of Ashenzari.
 12124 | D:9      | Reached skill level 13 in Axes
 12398 | D:10     | Entered Level 10 of the Dungeon
 12555 | D:10     | Noticed a hill giant
 12555 | D:10     | Noticed a centaur warrior
 12561 | D:10     | Killed a hill giant
 12574 | D:10     | Killed a centaur warrior
 12574 | D:10     | Reached XP level 11. HP: 33/75 MP: 11/11
 12927 | D:10     | Gained mutation: You cannot study or cast Air magic. [Ru sacrifice]
 12927 | D:10     | Gained mutation: You cannot study or cast Necromancy magic. [Ru sacrifice]
 12927 | D:10     | Gained mutation: You cannot study or cast Translocations magic. [Ru sacrifice]
 12927 | D:10     | Acquired Ru's fourth power
 13321 | D:10     | Reached skill level 14 in Axes
 13606 | D:11     | Noticed a cyclops
 13616 | D:11     | Killed a cyclops
 14069 | D:11     | Reached skill level 15 in Axes
 14218 | D:11     | Got a heavy robe
 14219 | D:11     | Identified the +2 robe of Trumpets {Regen+ Int+2 Dex-5} (You found it on level 11 of the Dungeon)
 14224 | D:11     | Found a staircase to the Lair.
 15136 | D:11     | Noticed a four-headed hydra
 15147 | D:11     | Killed a five-headed hydra
 15571 | D:11     | Reached XP level 12. HP: 68/81 MP: 12/12
 15703 | D:11     | Noticed an unseen horror
 15718 | D:11     | Killed an unseen horror
 15718 | D:11     | Reached skill level 16 in Axes
 15906 | Lair:1   | Entered Level 1 of the Lair of Beasts
 16180 | Lair:1   | Got a fine quarterstaff
 16181 | Lair:1   | Identified the +5 quarterstaff of Watchfulness {crush, rPois Dex+5} (You found it on level 1 of the Lair of Beasts)
 16184 | Lair:1   | Gained mutation: Armour fits poorly on your strangely shaped body. [potion of mutation]
 16184 | Lair:1   | Gained mutation: You are partially covered in yellow scales (AC +2). [potion of mutation]
 16184 | Lair:1   | Gained mutation: You are agile. (Dex +2) [potion of mutation]
 17113 | Lair:2   | Reached skill level 17 in Axes
 17773 | Lair:2   | Reached skill level 5 in Fighting
 18404 | Lair:2   | Reached XP level 13. HP: 85/95 MP: 13/13
 19108 | Lair:2   | Identified a scroll of acquirement
 19111 | Lair:2   | Got a pair of encrusted gloves
 19122 | Lair:2   | Identified the +1 pair of gloves of the Lonely Beggars {Regen+ rCorr} (You acquired it on level 2 of the Lair of Beasts)
 19613 | Lair:3   | Reached skill level 10 in Fighting
 20386 | Lair:4   | Found a frozen archway.
 20406 | IceCv    | Entered an ice cave
 21798 | Lair:5   | Found a staircase to the Snake Pit.
 21910 | Lair:5   | Found a staircase to the Swamp.
 22016 | Lair:5   | Reached XP level 14. HP: 106/118 MP: 14/14
 23911 | Lair:7   | Noticed Rupert
 23919 | Lair:7   | Killed Rupert
 24049 | Lair:7   | Noticed Josephine
 24053 | Lair:7   | Reached skill level 15 in Fighting
 24061 | Lair:7   | Killed Josephine
 24379 | Lair:7   | Found a viscous altar of Jiyva.
 24379 | Lair:7   | Found a staircase to the Slime Pits.
 24400 | Lair:7   | Found a white marble altar of Elyvilon.
 24955 | Lair:8   | Entered Level 8 of the Lair of Beasts
 25091 | Lair:8   | Gained mutation: You are vulnerable to magic. [Ru sacrifice]
 25091 | Lair:8   | Acquired Ru's fifth power
 25686 | Lair:8   | Reached XP level 15. HP: 125/132 MP: 15/15
 26275 | Lair:8   | Lost intelligence.
 26405 | Lair:8   | Reached skill level 5 in Armour
 26485 | Lair:8   | Found a runed door.
 27229 | Lair:1   | Lost mutation: Armour fits poorly on your strangely shaped body. [potion of cure mutation]
 27229 | Lair:1   | Lost mutation: You are agile. (Dex +2) [potion of cure mutation]
 27229 | Lair:1   | Lost mutation: You are partially covered in yellow scales (AC +2). [potion of cure mutation]
 27379 | Orc:1    | Entered Level 1 of the Orcish Mines
 27476 | Orc:1    | Noticed Harold
 27500 | Orc:1    | Killed Harold
 28409 | Orc:3    | Found Ynipin's Magic Scroll Shop.
 28563 | Orc:3    | Noticed Sonja
 28576 | Orc:3    | Killed Sonja
 28935 | Orc:3    | Found a staircase to the Elven Halls.
 29054 | Orc:3    | Found a bloodstained altar of Trog.
 29150 | Orc:4    | Entered Level 4 of the Orcish Mines
 29576 | Orc:3    | Gained mutation: You cannot read scrolls while threatened. [Ru sacrifice]
 29765 | Orc:4    | Found Qammuc's Distillery.
 29816 | Orc:4    | Found Cydy's Magic Scroll Shop.
 29817 | Orc:4    | Found Kaukler's Assorted Antiques.
 29819 | Orc:4    | Found Alemp's Gadget Shop.
 29879 | Orc:4    | Bought a potion of heal wounds for 90 gold pieces
 29909 | Orc:4    | Bought 2 potions of heal wounds for 260 gold pieces
 30249 | D:12     | Reached skill level 10 in Armour
 30911 | D:13     | Reached XP level 16. HP: 136/141 MP: 16/16
 31068 | D:13     | Got a brightly glowing tin ring
 31073 | D:13     | Identified the ring of Elyvilon's Favour {+Fly rPois rF+ rC- Str+3} (You found it on level 13 of the Dungeon)
 31130 | D:13     | Noticed Kirke
 31153 | D:13     | Killed Kirke
 31835 | D:14     | Found a gate to the Vaults.
 32387 | D:14     | Found a glowing golden altar of the Shining One.
 32506 | D:15     | Entered Level 15 of the Dungeon
 33503 | D:15     | Found a staircase to the Depths.
 33997 | D:15     | Reached skill level 15 in Armour
 34031 | D:15     | Reached XP level 17. HP: 38/147 MP: 17/17
 34477 | D:11     | Noticed a green ugly thing
 34487 | D:11     | Killed a green ugly thing
 34652 | Snake:1  | Entered Level 1 of the Snake Pit
 34727 | Snake:1  | Found Vufan's Book Emporium.
 34769 | Snake:1  | Found Dudicoyva's Gadget Boutique.
 35018 | Snake:1  | Found Rimeanwe's Weapon Emporium.
 35024 | Snake:1  | Got an iridescent rapier
 35025 | Snake:1  | Identified the cursed +1 rapier "Newuri" {antimagic, +Inv rPois Str+3 Int-5} (You found it on level 1 of the Snake Pit)
 35152 | Snake:1  | Noticed Nikola
 35172 | Snake:1  | Killed Nikola
 35339 | Snake:1  | Found Ihuetsoi's Jewellery Emporium.
 35339 | Snake:1  | Found Kieraira's Book Emporium.
 35357 | Snake:1  | Noticed Agnes
 35369 | Snake:1  | Killed Agnes
 35478 | Snake:1  | Bought an uncursed amulet of resist mutation for 560 gold pieces
 35760 | Snake:1  | Noticed Aizul
 35802 | Snake:1  | Killed Aizul
 36328 | Snake:2  | Reached skill level 18 in Fighting
 37304 | Snake:3  | Noticed Vashnia
 37353 | Snake:3  | Killed Vashnia
 38466 | Snake:4  | Reached skill level 19 in Axes
 38466 | Snake:4  | Reached XP level 18. HP: 144/157 MP: 18/18
 38666 | Snake:4  | Noticed Jorgrun
 38819 | Snake:4  | Killed Jorgrun
 39558 | Snake:5  | Entered Level 5 of the Snake Pit
 39597 | Snake:4  | HP: 3/157 [poisoned by a naga ritualist (toxic radiance)]
 40365 | Snake:5  | Reached skill level 20 in Axes
 40594 | Snake:5  | Found Cigat's Book Emporium.
 41276 | Snake:5  | Reached skill level 10 in Shields
 41408 | Snake:5  | Reached XP level 19. HP: 147/163 MP: 11/19
 42363 | Snake:5  | Noticed Asterion
 42368 | Snake:5  | Gained mutation: You can spit weak poison. [potion of beneficial mutation]
 42386 | Snake:5  | Killed Asterion
 43075 | Snake:5  | Got a serpentine rune of Zot
 43610 | Swamp:1  | Entered Level 1 of the Swamp
 44861 | Swamp:2  | Reached skill level 15 in Shields
 45162 | Swamp:3  | Noticed Roxanne
 46519 | Swamp:4  | Reached XP level 20. HP: 168/171 MP: 20/20
 47410 | Swamp:5  | Entered Level 5 of the Swamp
 47583 | Swamp:5  | Got an ancient whip
 47597 | Swamp:5  | Got a decaying rune of Zot
 47982 | Swamp:5  | Reached skill level 1 in Maces & Flails
 48030 | Swamp:5  | Noticed the 27-headed Lernaean hydra
 48045 | Swamp:5  | Killed the 27-headed Lernaean hydra
 48587 | Swamp:4  | Reached skill level 5 in Maces & Flails
 49031 | Vaults:1 | Entered Level 1 of the Vaults
 49132 | Vaults:1 | Identified the +11 whip of the Seven Eyes {freeze, Str-4 Int+5} (You found it on level 5 of the Swamp)
 50176 | Vaults:1 | Reached XP level 21. HP: 177/177 MP: 21/21
 50250 | Vaults:1 | Upgraded the game from 0.17-a0-435-gc4df345 to 0.17-a0-464-g85d6e2c
 50727 | Vaults:2 | Identified Nuzis's Almanac of Talismans (You found it on level 2 of the Vaults)
 50963 | Vaults:2 | Found a staircase to the Crypt.
 53002 | Vaults:3 | Reached XP level 22. HP: 184/184 MP: 22/22
 53442 | Vaults:3 | Noticed Mennas
 53471 | Vaults:3 | Killed Mennas
 54199 | Vaults:4 | Cast into the Abyss (a deep elf sorcerer)
 54592 | Abyss:1  | Reached skill level 21 in Armour
 55911 | Vaults:4 | Escaped the Abyss
 55914 | Vaults:4 | Reached XP level 23. HP: 154/194 MP: 23/23
 56268 | Vaults:4 | Noticed Jory
 56287 | Vaults:4 | Killed Jory
 56668 | Vaults:4 | Got a slimy steel ring
 56971 | Vaults:4 | Found Duokhama's Antique Weapon Boutique.
 57184 | Vaults:4 | Identified the ring "Uhal" {rN++ MP+9 Dex+5 Stlth-} (You found it on level 4 of the Vaults)
 57327 | Vaults:4 | Got a pitted rapier
 57328 | Vaults:4 | Identified the +4 rapier "Adeq" {pierce, +Rage} (You found it on level 4 of the Vaults)
 57861 | Depths:1 | Entered Level 1 of the Depths
 57875 | Depths:1 | Found a one-way gate to the infinite horrors of the Abyss.
 58025 | Depths:1 | Found Zakh's Assorted Antiques.
 58057 | Depths:1 | Bought a spiked cloak for 437 gold pieces
 58067 | Depths:1 | Identified the cursed +0 cloak of the Comet {Int+3} (You bought it in a shop on level 1 of the Depths)
 58299 | Depths:1 | Found Saoj's Quality Used Wands.
 58803 | Depths:1 | Found a gateway to Hell.
 58966 | Depths:1 | Reached XP level 24. HP: 208/208 MP: 23/23
 59005 | Depths:1 | Identified Ziuwicviugh's Collected Works on Evil Rites and Enhancements
 59550 | Depths:2 | Reached skill level 22 in Armour
 59561 | Depths:2 | Found a portal to a secret trove of treasure.
 59768 | Depths:2 | Found a large runed door.
 59782 | Depths:2 | Found a large runed door.
 60167 | Depths:2 | Got an ivory battleaxe
 60174 | Depths:2 | Identified the +8 battleaxe "Gystiybics" {pain, rPois MP+9 Str+3} (You took it off a hobgoblin on level 2 of the Depths)
 60231 | Depths:2 | Reached skill level 23 in Armour
 60260 | Depths:2 | Got a faintly glowing scimitar
 60644 | Depths:2 | HP: 8/208 [tengu reaver/bolt of poison (32)]
 61244 | Depths:3 | Identified the +12 scimitar of Kasm {drain, rF+ MP-9 Int+5} (You took it off a goblin on level 2 of the Depths)
 61812 | Depths:3 | Found a one-way gate leading to the halls of Pandemonium.
 61874 | Depths:3 | Reached skill level 24 in Armour
 61879 | Depths:3 | Got a fine mace
 62255 | Depths:4 | Reached XP level 25. HP: 210/214 MP: 23/23
 62560 | Depths:4 | Noticed Xtahua
 62573 | Depths:4 | Killed Xtahua
 62903 | Depths:4 | Noticed Frederick
 63223 | Depths:4 | Found a gateway to a ziggurat.
 63453 | Depths:4 | Reached skill level 25 in Armour
 63890 | Depths:4 | Found a shimmering altar of Xom.
 63970 | Depths:5 | Entered Level 5 of the Depths
 64225 | Depths:5 | Found a gate to the Realm of Zot.
 64821 | Depths:5 | Reached XP level 26. HP: 222/227 MP: 23/23
 65100 | Depths:5 | Noticed Sojobo
 65141 | Depths:5 | Killed Sojobo
 65267 | Depths:4 | Killed Frederick
 65762 | Vaults:4 | Identified the +10 mace of Qiann {flame, Int+7 Dex+5 Stlth-} (You found it on level 3 of the Depths)
 65776 | Vaults:5 | Entered Level 5 of the Vaults
 66109 | Vaults:5 | Got a vibrating steel ring
 66113 | Vaults:5 | Identified the cursed ring "Lilemam" {MP+9 Int+3 Dex-6} (You found it on level 5 of the Vaults)
 66303 | Vaults:5 | Got a shimmering shield
 66314 | Vaults:5 | Identified the +0 shield of Dises {Dex+3} (You found it on level 5 of the Vaults)
 66381 | Vaults:5 | Found Qaahos's Jewellery Shoppe.
 66520 | Vaults:5 | Noticed an ancient lich
 66531 | Vaults:5 | Killed an ancient lich
 66531 | Vaults:5 | Reached XP level 27. HP: 183/242 MP: 23/23
 66599 | Vaults:5 | Found Xuobrow's Antique Armour Shoppe.
 66870 | Vaults:5 | Reached skill level 26 in Fighting
 66964 | Vaults:5 | Got a silver rune of Zot
 67064 | Vaults:5 | Noticed an ancient lich
 67070 | Vaults:5 | Killed an ancient lich
 67251 | Vaults:5 | Got a bound golden ring
 67253 | Vaults:5 | Identified the cursed ring of Liaxoego {Str-3 Dex+7} (You found it on level 5 of the Vaults)
 67317 | Vaults:4 | Bought an executioner's axe for 440 gold pieces
 67478 | Crypt:1  | Entered Level 1 of the Crypt
 67906 | Crypt:1  | Identified the Disquisition on Evil
 68385 | Crypt:2  | Reached skill level 10 in Maces & Flails
 68944 | Crypt:3  | Entered Level 3 of the Crypt
 69430 | Crypt:3  | Found an ancient bone altar of Kikubaaqudgha.
 69650 | Crypt:3  | Noticed an ancient lich
 69664 | Crypt:3  | Killed an ancient lich
 70011 | Crypt:3  | Found a staircase to the Tomb.
 70238 | Crypt:3  | Identified the Handbook of Black Magic (You found it on level 3 of the Crypt)
 71000 | Crypt:3  | Got a brightly glowing mace
 71053 | Crypt:3  | Identified the +7 mace of Anguish {crush, MP+9 Str+4 Dex+4} (You found it on level 3 of the Crypt)
 71688 | Elf:1    | Entered Level 1 of the Elven Halls
 72003 | Elf:1    | Cast into the Abyss (a deep elf sorcerer)
 72242 | Abyss:1  | Reached skill level 15 in Maces & Flails
 72414 | Abyss:3  | Found a corrupted altar of Lugonu.
 72472 | Abyss:3  | Found a basalt altar of Yredelemnul.
 72929 | Elf:1    | Escaped the Abyss
 73692 | Elf:2    | Found a runed gate.
 73692 | Elf:2    | Found a runed gate.
 73692 | Elf:2    | Found a runed gate.
 74061 | Elf:2    | Reached skill level 27 in Fighting
 74441 | Elf:3    | Entered Level 3 of the Elven Halls
 74441 | Elf:3    | Noticed Wiglaf
 74480 | Elf:2    | Killed Wiglaf
 74764 | Elf:3    | Found Gaisur's Assorted Antiques.
 75107 | Elf:3    | Got a pitted quarterstaff
 75108 | Elf:3    | Identified the +7 quarterstaff of World's End {freeze, +Rage +Fly Int-3} (You took it off a deep elf annihilator on level 3 of the Elven Halls)
 75151 | Elf:3    | Got a bronze plate armour
 75158 | Elf:3    | Got a smoking amethyst amulet
 75159 | Elf:3    | Identified the amulet "Goxtyire" {Inacc MP+9} (You found it on level 3 of the Elven Halls)
 75160 | Elf:3    | Identified the +7 plate armour of the Sun {+Fly rPois Dex-3} (You found it on level 3 of the Elven Halls)
 75211 | Elf:3    | Identified Nuqitone's Reference Book on Combat Magic and Flight
 76175 | Tomb:1   | Entered Level 1 of the Tomb of the Ancients
 76210 | Tomb:1   | Noticed an ancient lich
 76221 | Tomb:1   | Killed an ancient lich
 76678 | Tomb:1   | Noticed an ancient lich
 76700 | Tomb:1   | Killed an ancient lich
 76902 | Tomb:1   | Noticed a greater mummy
 76913 | Tomb:1   | Killed a greater mummy
 77046 | Tomb:1   | Noticed a greater mummy
 77058 | Tomb:1   | Killed a greater mummy
 77065 | Tomb:1   | Got a twitching copper ring
 77068 | Tomb:1   | Identified the ring "Jedaz" {rPois rF+ rN+ Str+6 Int+2} (You took it off a greater mummy on level 1 of the Tomb of the Ancients)
 77510 | Tomb:2   | Noticed a greater mummy
 77536 | Tomb:2   | Noticed a greater mummy
 77647 | Tomb:1   | Killed a greater mummy
 77651 | Tomb:2   | Noticed a greater mummy
 77660 | Tomb:1   | Killed a greater mummy
 77804 | Tomb:2   | Killed a greater mummy
 77805 | Tomb:2   | Noticed a greater mummy
 77850 | Tomb:2   | Killed a greater mummy
 78578 | Tomb:1   | Noticed a greater mummy
 78581 | Tomb:1   | Noticed a greater mummy
 78587 | Tomb:1   | Killed a greater mummy
 78603 | Tomb:1   | Killed a greater mummy
 78625 | Tomb:1   | Noticed a greater mummy
 78701 | Tomb:1   | Killed a greater mummy
 78703 | Tomb:1   | Noticed a greater mummy
 79143 | Tomb:1   | Killed a greater mummy
 79176 | Tomb:1   | Noticed a greater mummy
 79181 | Tomb:1   | Killed a greater mummy
 79196 | Tomb:1   | Noticed a greater mummy
 79200 | Tomb:1   | Killed a greater mummy
 79222 | Tomb:1   | Noticed a greater mummy
 79234 | Tomb:1   | Killed a greater mummy
 79283 | Tomb:1   | Noticed a greater mummy
 79286 | Tomb:1   | Noticed a greater mummy
 79289 | Tomb:1   | Killed a greater mummy
 79297 | Tomb:1   | Killed a greater mummy
 79397 | Tomb:1   | Noticed a greater mummy
 79406 | Tomb:1   | Killed a greater mummy
 79571 | Tomb:1   | Noticed a greater mummy
 79584 | Tomb:1   | Killed a greater mummy
 79678 | Tomb:1   | Noticed a greater mummy
 79695 | Tomb:1   | Killed a greater mummy
 79748 | Tomb:1   | Noticed a greater mummy
 79756 | Tomb:1   | Killed a greater mummy
 79963 | Tomb:1   | Noticed a greater mummy
 79987 | Tomb:1   | Killed a greater mummy
 80112 | Tomb:1   | Noticed a greater mummy
 80119 | Tomb:1   | Killed a greater mummy
 80138 | Tomb:1   | Noticed a greater mummy
 80144 | Tomb:1   | Killed a greater mummy
 81112 | Tomb:3   | Entered Level 3 of the Tomb of the Ancients
 81127 | Tomb:3   | Noticed a greater mummy
 81128 | Tomb:3   | Noticed a greater mummy
 81799 | Tomb:2   | Killed a greater mummy
 82243 | Tomb:3   | Noticed a greater mummy
 82245 | Tomb:3   | Noticed a greater mummy
 82245 | Tomb:3   | Killed a greater mummy
 83175 | Tomb:2   | Killed a greater mummy
 83197 | Tomb:2   | Killed a greater mummy
 83298 | Tomb:3   | Noticed an ancient lich
 83299 | Tomb:3   | Noticed a greater mummy
 83305 | Tomb:3   | Killed an ancient lich
 83308 | Tomb:3   | Killed a greater mummy
 83318 | Tomb:3   | Noticed Khufu
 83332 | Tomb:3   | Killed Khufu
 83424 | Tomb:3   | Noticed a greater mummy
 83434 | Tomb:3   | Killed a greater mummy
 83568 | Tomb:3   | Noticed a greater mummy
 83574 | Tomb:3   | Killed a greater mummy
 83783 | Tomb:3   | Got a golden rune of Zot
 83932 | Tomb:3   | Got a brightly glowing war axe
 84107 | Tomb:3   | Identified the +5 war axe "Lifebane" {freeze, rF+ MR- Str+2} (You found it on level 3 of the Tomb of the Ancients)
 84121 | Tomb:3   | Got a wavering bronze ring
 84124 | Tomb:3   | Got a bound lapis lazuli ring
 84127 | Tomb:3   | Got a faintly glowing granite ring
 84129 | Tomb:3   | Identified the ring "Cittezue" {rC+ MP+9} (You found it on level 3 of the Tomb of the Ancients)
 84130 | Tomb:3   | Identified the ring "Atyr" {AC+5 Int+6} (You found it on level 3 of the Tomb of the Ancients)
 84131 | Tomb:3   | Identified the ring "Woaneharr" {rElec MP-9 EV+5 Int+3} (You found it on level 3 of the Tomb of the Ancients)
 84152 | Tomb:3   | Identified the Compendium of Nocuous Beguiling
 84192 | Tomb:3   | Got a bloodstained triple sword
 84223 | Tomb:3   | Got a faintly glowing battleaxe
 84227 | Tomb:3   | Identified the +3 battleaxe of Awkwardness {freeze, rN+ Dex+2 SInv} (You found it on level 3 of the Tomb of the Ancients)
 84230 | Tomb:3   | Identified the +4 triple sword of Uncertain Death {drain, rF+} (You found it on level 3 of the Tomb of the Ancients)
 85312 | Zot:1    | Entered Level 1 of the Realm of Zot
 86076 | Zot:1    | Reached skill level 27 in Shields
 87668 | Zot:3    | Reached skill level 27 in Armour
 88974 | Depths:4 | Voluntarily entered the Abyss.
 89234 | Abyss:3  | Got an abyssal rune of Zot
 89840 | Abyss:3  | Found a corrupted altar of Lugonu.
 90229 | Depths:4 | Escaped the Abyss
 90273 | Zig:1    | Entered Level 1 of a ziggurat
 90291 | Zig:2    | Entered Level 2 of a ziggurat
 90331 | Zig:3    | Entered Level 3 of a ziggurat
 90364 | Zig:3    | Got an ebony falchion
 90367 | Zig:3    | Identified the +7 falchion of the Lesser Evil {slice, rElec MR+ MP+9 Str-4} (You found it on level 3 of a ziggurat)
 90370 | Zig:4    | Entered Level 4 of a ziggurat
 90439 | Zig:5    | Entered Level 5 of a ziggurat
 90498 | Zig:5    | Gained mutation: You are robust (+10% HP). [potion of beneficial mutation]
 90525 | Zig:6    | Entered Level 6 of a ziggurat
 90573 | Zig:6    | Got a shimmering falchion
 90575 | Zig:6    | Got a pitted plate armour
 90587 | Zig:6    | Identified the +6 plate armour "Ytinoh" {Regen+} (You found it on level 6 of a ziggurat)
 90601 | Zig:6    | Identified the +6 falchion of the Pill Bug {venom, rC+++ MR+ Int-2 Stlth-} (You found it on level 6 of a ziggurat)
 90604 | Zig:7    | Entered Level 7 of a ziggurat
 90639 | Zig:7    | Identified the Grimoire of the Compass and the Snowflakes
 90673 | Zig:8    | Entered Level 8 of a ziggurat
 90748 | Zig:9    | Entered Level 9 of a ziggurat
 90839 | Zig:9    | Got a heavily runed crystal plate armour
 90852 | Zig:9    | Identified the +1 crystal plate armour of Ukohur {MR+} (You acquired it on level 9 of a ziggurat)
 90936 | Zig:10   | Entered Level 10 of a ziggurat
 90999 | Zig:10   | Got a clouded ruby amulet
 91017 | Zig:10   | Identified the Handbook of Lucky Black Magic
 91030 | Zig:10   | Identified the amulet of Jeopt {Stasis rElec rC- Str+10 Slay-5} (You found it on level 10 of a ziggurat)
 91057 | Zig:11   | Entered Level 11 of a ziggurat
 91187 | Zig:12   | Entered Level 12 of a ziggurat
 91224 | Zig:12   | Cast into the Abyss (a deep elf sorcerer)
 91336 | Zig:12   | Escaped the Abyss
 91404 | Zig:12   | Got a pitted copper ring
 91419 | Zig:12   | Got a crystal spear
 91431 | Zig:12   | Identified the ring "Uffar" {MR+ Stlth-} (You found it on level 12 of a ziggurat)
 91434 | Zig:12   | Identified the +3 spear of Qeuf {speed, rC+} (You found it on level 12 of a ziggurat)
 91453 | Zig:13   | Entered Level 13 of a ziggurat
 91648 | Zig:14   | Entered Level 14 of a ziggurat
 91699 | Zig:14   | Gained mutation: Your spells are a little harder to cast, but a little more powerful. [a shining eye]
 91844 | Zig:14   | Got a crystal quarterstaff
 91859 | Zig:14   | Got a turquoise-encrusted chain mail
 91870 | Zig:14   | Identified the +7 chain mail of Hatt {rElec rCorr MP+9 Stlth-} (You found it on level 14 of a ziggurat)
 91884 | Zig:14   | Identified the +6 quarterstaff of the Puffin {crush, rF+ MR+} (You found it on level 14 of a ziggurat)
 92043 | Depths:2 | You paid a toll of 5 scrolls of blinking to enter a treasure trove
 92044 | Trove    | Entered a treasure trove
 92058 | Trove    | Identified the Compendium of Confrontation and Bewitchment
 92080 | Trove    | Got a clouded wooden ring
 92092 | Trove    | Got a shimmering lapis lazuli ring
 92094 | Trove    | Got a crude long sword
 92153 | Depths:2 | Identified the ring of Iteojou {+Blink +Fly rC+ Int-5} (You found it in a treasure trove)
 92155 | Depths:2 | Identified the ring "Nimieps" {Contam rF+++ MP+9 Dex+3 Stlth-} (You found it in a treasure trove)
 92201 | Depths:2 | Identified the +7 long sword "Hydra's Death" {antimagic, MR+ Dex+5} (You found it in a treasure trove)
 92202 | Depths:2 | Gained mutation: Your body is slowly deteriorating. [mutagenic glow]
 93394 | Depths:3 | Gained mutation: You are somewhat resistant to further mutation. [potion of beneficial mutation]
 93400 | Pan      | Entered Pandemonium
 94295 | Pan      | Found an exit through the horrors of the Abyss.
 94315 | Pan      | Noticed Xeischoj the pandemonium lord
 94328 | Pan      | Killed Xeischoj the pandemonium lord
 94391 | Pan      | Entered the realm of Gloorx Vloq.
 94618 | Pan      | Found an exit through the horrors of the Abyss.
 95389 | Pan      | Noticed Gloorx Vloq
 95406 | Pan      | Killed Gloorx Vloq
 95664 | Pan      | Got a dark rune of Zot
 95999 | Pan      | Noticed a seraph
 96034 | Pan      | Killed a seraph
 96179 | Pan      | Found a glowing golden altar of the Shining One.
 96197 | Pan      | Got a brightly glowing buckler
 96229 | Pan      | Got a coiled platinum ring
 96231 | Pan      | Identified the Grimoire of Malediction and Heat
 96233 | Pan      | Got a demonic rune of Zot
 96253 | Pan      | Identified the +0 buckler of Disaster {rPois Dex+2} (You found it in Pandemonium)
 97235 | Pan      | Found a white marble altar of Elyvilon.
 97605 | Pan      | Reached skill level 1 in Slings
 97782 | Pan      | Reached skill level 5 in Slings
 98191 | Pan      | Found a glowing silver altar of Zin.
 98322 | Pan      | Reached skill level 10 in Slings
 98518 | Pan      | Identified the ring of Tokhoodgh {rElec rPois rF- rN+ Str+3} (You found it in Pandemonium)
 98591 | Pan      | Reached skill level 1 in Long Blades
 98719 | Pan      | Found an exit through the horrors of the Abyss.
 99190 | Pan      | Reached skill level 5 in Long Blades
 99193 | Pan      | Noticed Wowacon the pandemonium lord
 99200 | Pan      | Cast into the Abyss (Wowacon)
 99210 | Abyss:1  | Noticed an ancient lich
 99218 | Abyss:1  | Killed an ancient lich
 99365 | Abyss:1  | Got a smelly plate armour
 99496 | Pan      | Escaped the Abyss
 99504 | Pan      | Killed Wowacon the pandemonium lord
 99723 | Pan      | Noticed Cuzoanuk the pandemonium lord
 99741 | Pan      | Cast into the Abyss (Cuzoanuk)
 99741 | Abyss:1  | Found a corrupted altar of Lugonu.
 99813 | Abyss:1  | Reached skill level 10 in Long Blades
 99815 | Abyss:1  | Found an iron altar of Okawaru.
 99928 | Abyss:2  | Got a scorched turquoise ring
 99994 | Pan      | Escaped the Abyss
100008 | Pan      | Killed Cuzoanuk the pandemonium lord
100058 | Pan      | Identified the cursed +0 plate armour of the Comet {rElec rPois Str-4} (You found it on level 1 of the Abyss)
100059 | Pan      | Identified the ring "Wuicey Haoj" {MP-9 Int+4 Dex+2} (You found it on level 2 of the Abyss)
100292 | Pan      | Noticed Anaokuyk the pandemonium lord
100309 | Pan      | Killed Anaokuyk the pandemonium lord
100495 | Pan      | Found an exit through the horrors of the Abyss.
101154 | Pan      | Found an exit through the horrors of the Abyss.
101161 | Pan      | Noticed Biewet the pandemonium lord
101187 | Pan      | Killed Biewet the pandemonium lord
101470 | Pan      | Noticed Otzimok the pandemonium lord
101491 | Pan      | Killed Otzimok the pandemonium lord
101491 | Pan      | Reached skill level 15 in Long Blades
101703 | Pan      | Found an exit through the horrors of the Abyss.
101974 | Pan      | Found a runed door.
101981 | Pan      | Found a runed door.
101989 | Pan      | Found a runed door.
101992 | Pan      | Noticed Eheuxtoj the pandemonium lord
102002 | Pan      | Killed Eheuxtoj the pandemonium lord
102117 | Pan      | Found a runed door.
102402 | Pan      | Found an exit through the horrors of the Abyss.
102440 | Pan      | Found an exit through the horrors of the Abyss.
102832 | Pan      | Noticed Ykhluivi the pandemonium lord
102839 | Pan      | Killed Ykhluivi the pandemonium lord
102921 | Pan      | Noticed Ofovuz the pandemonium lord
102931 | Pan      | Killed Ofovuz the pandemonium lord
103102 | Pan      | Noticed Luzeeff the pandemonium lord
103113 | Pan      | Killed Luzeeff the pandemonium lord
103593 | Pan      | Found an exit through the horrors of the Abyss.
103714 | Pan      | Entered the realm of Mnoleg.
103908 | Pan      | Gained mutation: Your flesh is heat resistant. [a neqoxec]
104103 | Pan      | Noticed Mnoleg
104154 | Pan      | Killed Mnoleg
104219 | Pan      | Got a glowing rune of Zot
104581 | Pan      | Found an exit through the horrors of the Abyss.
104689 | Pan      | Found a runed door.
104702 | Pan      | Noticed Hemoxzui the pandemonium lord
104711 | Pan      | Killed Hemoxzui the pandemonium lord
104882 | Pan      | Found an exit through the horrors of the Abyss.
105277 | Pan      | Noticed Wuacimo the pandemonium lord
105287 | Pan      | Killed Wuacimo the pandemonium lord
105473 | Pan      | Noticed Gousotta the pandemonium lord
105480 | Pan      | Killed Gousotta the pandemonium lord
105614 | Pan      | Noticed Nuhuge the pandemonium lord
105621 | Pan      | Killed Nuhuge the pandemonium lord
105862 | Pan      | Noticed Ymal the pandemonium lord
105879 | Pan      | Killed Ymal the pandemonium lord
105905 | Pan      | Entered the realm of Lom Lobon.
105905 | Pan      | Noticed Lom Lobon
105913 | Pan      | Killed Lom Lobon
106007 | Pan      | Got a magical rune of Zot
106204 | Pan      | Cast into the Abyss (a wizard)
106206 | Abyss:1  | Found a corrupted altar of Lugonu.
106229 | Pan      | Escaped the Abyss
106380 | Pan      | Noticed Reluehyu the pandemonium lord
106390 | Pan      | Killed Reluehyu the pandemonium lord
106442 | Pan      | Identified the Guide on Hexes
106687 | Pan      | Found an exit through the horrors of the Abyss.
106967 | Pan      | Noticed Tagro Mol the pandemonium lord
106983 | Pan      | Killed Tagro Mol the pandemonium lord
107504 | Pan      | Noticed Lyzan the pandemonium lord
107515 | Pan      | Killed Lyzan the pandemonium lord
107943 | Pan      | Cast into the Abyss (a deep elf sorcerer)
107943 | Abyss:1  | Found a corrupted altar of Lugonu.
107974 | Abyss:2  | Found a corrupted altar of Lugonu.
107982 | Abyss:3  | Found a corrupted altar of Lugonu.
108051 | Pan      | Escaped the Abyss
108117 | Pan      | Noticed Teloriun the pandemonium lord
108126 | Pan      | Killed Teloriun the pandemonium lord
108258 | Pan      | Found an exit through the horrors of the Abyss.
108515 | Pan      | Noticed Awatsuit the pandemonium lord
108534 | Pan      | Killed Awatsuit the pandemonium lord
108728 | Pan      | Found an exit through the horrors of the Abyss.
108881 | Pan      | Noticed Yraleb the pandemonium lord
108898 | Pan      | Killed Yraleb the pandemonium lord
108898 | Pan      | Reached skill level 27 in Long Blades
109096 | Pan      | Noticed Lejumpipt the pandemonium lord
109106 | Pan      | Killed Lejumpipt the pandemonium lord
109223 | Pan      | Found an exit through the horrors of the Abyss.
109355 | Pan      | Cast into the Abyss (reaper)
109537 | Pan      | Escaped the Abyss
110057 | Pan      | Noticed Qiesiell the pandemonium lord
110065 | Pan      | Killed Qiesiell the pandemonium lord
110536 | Pan      | Noticed Nillet the pandemonium lord
110542 | Pan      | Killed Nillet the pandemonium lord
110815 | Pan      | Noticed Gacvig the pandemonium lord
110823 | Pan      | Killed Gacvig the pandemonium lord
111129 | Pan      | Noticed Goviakly the pandemonium lord
111141 | Pan      | Killed Goviakly the pandemonium lord
111181 | Pan      | Entered the realm of Cerebov.
111212 | Pan      | Found an exit through the horrors of the Abyss.
111980 | Pan      | Got a wavering tin ring
111986 | Pan      | Identified The Foundations of Magic
112097 | Pan      | Noticed Cerebov
112123 | Pan      | Killed Cerebov
112204 | Pan      | Got a fiery rune of Zot
112305 | Pan      | Noticed Ojimod the pandemonium lord
112313 | Pan      | Killed Ojimod the pandemonium lord
112474 | Pan      | Identified the Guide on Dark Rituals and Summoning
112478 | Pan      | Found an exit through the horrors of the Abyss.
112506 | Pan      | Reached skill level 27 in Axes
113295 | Pan      | Noticed Xoruw the pandemonium lord
113306 | Pan      | Killed Xoruw the pandemonium lord
113389 | Pan      | Identified the ring "Riby" {rF+ Int+3} (You found it in Pandemonium)
113449 | Pan      | Noticed Guplyahy the pandemonium lord
113478 | Pan      | Killed Guplyahy the pandemonium lord
113862 | Pan      | Noticed Ziown the pandemonium lord
113871 | Pan      | Killed Ziown the pandemonium lord
113883 | Pan      | Noticed Fonkaq the pandemonium lord
113894 | Pan      | Reached skill level 27 in Maces & Flails
113904 | Pan      | Killed Fonkaq the pandemonium lord
113980 | Pan      | Reached skill level 5 in Evocations
114360 | Pan      | Found an exit through the horrors of the Abyss.
114595 | Pan      | Noticed Dell the pandemonium lord
114604 | Pan      | Killed Dell the pandemonium lord
114669 | Pan      | Reached skill level 10 in Evocations
114994 | Pan      | Noticed Memawkoe the pandemonium lord
114997 | Pan      | Killed Memawkoe the pandemonium lord
115070 | Pan      | Noticed Gina Nikhloa the pandemonium lord
115083 | Pan      | Killed Gina Nikhloa the pandemonium lord
115510 | Pan      | Noticed Fyraha the pandemonium lord
115521 | Pan      | Killed Fyraha the pandemonium lord
115521 | Pan      | Reached skill level 15 in Evocations
115543 | Pan      | Found an exit through the horrors of the Abyss.
115803 | Pan      | Noticed Qotemusi the pandemonium lord
115818 | Pan      | Killed Qotemusi the pandemonium lord
115895 | Pan      | Noticed Hukloennui the pandemonium lord
115910 | Pan      | Killed Hukloennui the pandemonium lord
116068 | Pan      | Found an exit through the horrors of the Abyss.
116218 | Pan      | Found an exit through the horrors of the Abyss.
116547 | Pan      | Found a gateway to a ziggurat.
116548 | Pan      | Noticed an ancient lich
116551 | Pan      | Killed an ancient lich
116892 | Pan      | Noticed Riariats the pandemonium lord
116905 | Pan      | Killed Riariats the pandemonium lord
116988 | Zig:1    | Entered Level 1 of a ziggurat
117017 | Zig:2    | Entered Level 2 of a ziggurat
117041 | Zig:3    | Entered Level 3 of a ziggurat
117088 | Zig:4    | Entered Level 4 of a ziggurat
117119 | Zig:5    | Entered Level 5 of a ziggurat
117163 | Zig:5    | Got a pair of smoking boots
117165 | Zig:5    | Identified the cursed +0 pair of boots of the Cricket {MR+ Regen+ MP+9} (You found it on level 5 of a ziggurat)
117170 | Zig:6    | Entered Level 6 of a ziggurat
117234 | Zig:7    | Entered Level 7 of a ziggurat
117329 | Zig:8    | Entered Level 8 of a ziggurat
117348 | Zig:8    | Noticed an orb of fire
117385 | Zig:8    | Killed an orb of fire
117438 | Zig:8    | Identified the Handbook of Flames and Damage Dealing
117451 | Zig:9    | Entered Level 9 of a ziggurat
117676 | Zig:9    | Identified the Almanac of Boosting Flight (You found it on level 9 of a ziggurat)
117704 | Zig:10   | Entered Level 10 of a ziggurat
117765 | Zig:10   | Identified Teloll's Early Guide to Sorcery
117771 | Zig:10   | Got a pitted lead ring
117775 | Zig:10   | Identified the ring "Ciubuhil" {+cTele rF+ rC+ Int+2} (You found it on level 10 of a ziggurat)
117786 | Zig:11   | Entered Level 11 of a ziggurat
117871 | Zig:11   | Got a heavily runed glass ring
117878 | Zig:11   | Identified the ring of Xoelyonn {+/*Tele Dex+4} (You found it on level 11 of a ziggurat)
118045 | Pan      | Noticed Xunkad the pandemonium lord
118068 | Pan      | Killed Xunkad the pandemonium lord
118255 | Pan      | Noticed Ephaugaja the pandemonium lord
118275 | Pan      | Killed Ephaugaja the pandemonium lord
118611 | Pan      | Found an exit through the horrors of the Abyss.
118709 | Pan      | Noticed Anakles the pandemonium lord
118727 | Pan      | Killed Anakles the pandemonium lord
118857 | Pan      | Noticed Ahenaaj the pandemonium lord
118877 | Pan      | Killed Ahenaaj the pandemonium lord
119589 | Pan      | Noticed Cacoahuy the pandemonium lord
119601 | Pan      | Killed Cacoahuy the pandemonium lord
119735 | Pan      | Noticed Qeulo the pandemonium lord
119746 | Pan      | Killed Qeulo the pandemonium lord
120030 | Pan      | Found an exit through the horrors of the Abyss.
120078 | Pan      | Gained mutation: You are dopey. (Int -2) [a neqoxec]
120475 | Pan      | Found an exit through the horrors of the Abyss.
120807 | Pan      | Noticed Tuasuk the pandemonium lord
120828 | Pan      | Killed Tuasuk the pandemonium lord
120975 | Pan      | Found a runed door.
121225 | Pan      | Noticed Dyste the pandemonium lord
121236 | Pan      | Killed Dyste the pandemonium lord
121409 | Pan      | Found an exit through the horrors of the Abyss.
121481 | Pan      | Noticed Uppuh the pandemonium lord
121494 | Pan      | Killed Uppuh the pandemonium lord
121777 | Pan      | Gained mutation: Your body is deteriorating. [a neqoxec]
122078 | Pan      | Gained mutation: Potions and wands are less effective at restoring your health. [a neqoxec]
122107 | Pan      | Noticed Wech the pandemonium lord
122114 | Pan      | Killed Wech the pandemonium lord
122121 | Pan      | Reached skill level 27 in Evocations
122121 | Pan      | Reached skill level 1 in Unarmed Combat
122203 | Pan      | Lost mutation: You can spit weak poison. [the power of Zot]
122247 | Pan      | Reached skill level 5 in Unarmed Combat
123000 | Pan      | Found an exit through the horrors of the Abyss.
123046 | Pan      | Noticed Iliatt the pandemonium lord
123060 | Pan      | Killed Iliatt the pandemonium lord
123060 | Pan      | Reached skill level 10 in Unarmed Combat
123356 | Pan      | Found an exit through the horrors of the Abyss.
123374 | Pan      | Took an exit into the Abyss.
123374 | Abyss:1  | Escaped into the Abyss
123435 | Depths:3 | Escaped the Abyss
123868 | Slime:1  | Entered Level 1 of the Pits of Slime
124042 | Slime:5  | Gained mutation: You occasionally shout uncontrollably at your foes. [a shining eye]
124058 | Slime:5  | Lost mutation: You occasionally shout uncontrollably at your foes. [potion of cure mutation]
124058 | Slime:5  | Lost mutation: Your flesh is heat resistant. [potion of cure mutation]
124058 | Slime:5  | Lost mutation: You are dopey. (Int -2) [potion of cure mutation]
124058 | Slime:5  | Lost mutation: Your body is deteriorating. [potion of cure mutation]
124059 | Slime:5  | Lost mutation: You are robust (+10% HP). [potion of cure mutation]
124059 | Slime:5  | Lost mutation: Your body is slowly deteriorating. [potion of cure mutation]
124059 | Slime:5  | Lost mutation: Your spells are a little harder to cast, but a little more powerful. [potion of cure mutation]
124059 | Slime:5  | Lost mutation: You are somewhat resistant to further mutation. [potion of cure mutation]
124060 | Slime:5  | Lost mutation: Potions and wands are less effective at restoring your health. [potion of cure mutation]
124089 | Slime:6  | Entered Level 6 of the Pits of Slime
124601 | Slime:6  | Noticed the royal jelly
124613 | Slime:6  | Killed the royal jelly
124679 | Slime:6  | Got a slimy rune of Zot
124690 | Slime:6  | Got a transparent dire flail
124747 | Slime:6  | Got a coiled platinum ring
124756 | Slime:6  | Identified the Catalogue of the Traveller and Flight
124771 | Slime:6  | Got a coiled lapis lazuli ring
124796 | Slime:6  | Identified the +5 dire flail of Eternal Night {flame, +Inv rPois rF- MP-9} (You found it on level 6 of the Pits of Slime)
124799 | Slime:6  | Identified the ring "Baur" {+Fly rElec rF+ MR+ Dex-2} (You found it on level 6 of the Pits of Slime)
124800 | Slime:6  | Identified the ring "Poteecoi" {rC+ rN+} (You found it on level 6 of the Pits of Slime)
125306 | Hell     | Entered the Vestibule of Hell
125306 | Hell     | Noticed Geryon
125312 | Hell     | Killed Geryon
125381 | Hell     | Found a gateway to the freezing wastes of Cocytus.
125592 | Hell     | Found a gateway to the Iron City of Dis.
125691 | Hell     | Reached skill level 15 in Unarmed Combat
125724 | Hell     | Found a gateway to the ashen valley of Gehenna.
125883 | Hell     | Found a gateway to the decaying netherworld of Tartarus.
126336 | Dis:1    | Entered Level 1 of the Iron City of Dis
127156 | Dis:7    | Entered Level 7 of the Iron City of Dis
127256 | Dis:7    | Gained mutation: Potions and wands are less effective at restoring your health. [a cacodemon]
127258 | Dis:7    | Gained mutation: Your magical capacity is low (-10% MP). [a cacodemon]
127435 | Dis:7    | Noticed Dispater
127481 | Dis:7    | Killed Dispater
127638 | Dis:7    | Got a shimmering cloak
127644 | Dis:7    | Got an iron rune of Zot
127675 | Dis:7    | Identified the +0 cloak "Gevoij Ciweh" {rPois rC+ Int+4 Dex+3} (You found it on level 7 of the Iron City of Dis)
127676 | Dis:7    | Identified a +3 rod of the swarm (10/10) (You found it on level 6 of the Pits of Slime)
128295 | Tar:1    | Entered Level 1 of Tartarus
128780 | Tar:7    | Entered Level 7 of Tartarus
128780 | Tar:7    | Noticed Ereshkigal
128812 | Tar:7    | Killed Ereshkigal
128998 | Tar:7    | Got a bone rune of Zot
129003 | Tar:7    | Got a crude lapis lazuli ring
129532 | Geh:1    | Entered Level 1 of Gehenna
129902 | Geh:7    | Entered Level 7 of Gehenna
130203 | Geh:7    | Noticed Asmodeus
130232 | Geh:7    | Killed Asmodeus
130324 | Geh:7    | Got an obsidian rune of Zot
130553 | Coc:1    | Entered Level 1 of Cocytus
130612 | Coc:7    | Entered Level 7 of Cocytus
130802 | Coc:7    | Noticed the Serpent of Hell
130828 | Coc:7    | Killed the Serpent of Hell
131340 | Coc:7    | Noticed Antaeus
131364 | Coc:7    | Killed Antaeus
131373 | Coc:7    | Got an icy rune of Zot
131985 | Zot:5    | Entered Level 5 of the Realm of Zot
132070 | Zot:5    | Noticed an orb of fire
132090 | Zot:5    | Killed an orb of fire
132205 | Zot:5    | Lost mutation: Potions and wands are less effective at restoring your health. [potion of cure mutation]
132205 | Zot:5    | Lost mutation: Your magical capacity is low (-10% MP). [potion of cure mutation]
132439 | Zot:5    | Reached skill level 27 in Unarmed Combat
132439 | Zot:5    | Reached skill level 1 in Spellcasting
132460 | Zot:5    | Noticed an orb of fire
132470 | Zot:5    | Noticed an ancient lich
132476 | Zot:5    | Gained mutation: Scrolls take you a little longer to read. [an orb of fire]
132481 | Zot:5    | Killed an orb of fire
132487 | Zot:5    | Killed an ancient lich
132487 | Zot:5    | Reached skill level 5 in Spellcasting
132567 | Zot:5    | Noticed an orb of fire
132568 | Zot:5    | Noticed an orb of fire
132576 | Zot:5    | Gained mutation: You are clumsy. (Dex -2) [an orb of fire]
132584 | Zot:5    | Gained mutation: You are frail (-10% HP). [an orb of fire]
132590 | Zot:5    | Killed an orb of fire
132604 | Zot:5    | Noticed an orb of fire
132613 | Zot:5    | Gained mutation: Armour fits poorly on your strangely shaped body. [an orb of fire]
132621 | Zot:5    | Killed an orb of fire
132662 | Zot:5    | Gained mutation: You are very frail (-20% HP). [an orb of fire]
132663 | Zot:5    | Gained mutation: You are weak. (Str -2) [an orb of fire]
132666 | Zot:5    | Gained mutation: You are extremely frail (-30% HP). [an orb of fire]
132667 | Zot:5    | Gained mutation: Your magical capacity is low (-10% MP). [an orb of fire]
132673 | Zot:5    | Noticed an orb of fire
132673 | Zot:5    | Gained mutation: You are very weak. (Str -4) [an orb of fire]
132674 | Zot:5    | Noticed an orb of fire
132677 | Zot:5    | Noticed an orb of fire
132689 | Zot:5    | Killed an orb of fire
132694 | Zot:5    | Killed an orb of fire
132696 | Zot:5    | Killed an orb of fire
132696 | Zot:5    | Reached skill level 10 in Spellcasting
132701 | Zot:5    | Gained mutation: Your body is slowly deteriorating. [an orb of fire]
132717 | Zot:5    | Killed an orb of fire
132884 | Zot:5    | Lost mutation: You are clumsy. (Dex -2) [potion of cure mutation]
132884 | Zot:5    | Lost mutation: Armour fits poorly on your strangely shaped body. [potion of cure mutation]
132884 | Zot:5    | Lost mutation: Scrolls take you a little longer to read. [potion of cure mutation]
132884 | Zot:5    | Lost mutation: Your magical capacity is low (-10% MP). [potion of cure mutation]
132884 | Zot:5    | Lost mutation: Your body is slowly deteriorating. [potion of cure mutation]
132884 | Zot:5    | Lost mutation: You are very weak. (Str -4) [potion of cure mutation]
132885 | Zot:5    | Lost mutation: You are weak. (Str -2) [potion of cure mutation]
132885 | Zot:5    | Lost mutation: You are extremely frail (-30% HP). [potion of cure mutation]
132885 | Zot:5    | Lost mutation: You are very frail (-20% HP). [potion of cure mutation]
132885 | Zot:5    | Lost mutation: You are frail (-10% HP). [potion of cure mutation]
133110 | Zot:5    | Noticed an orb of fire
133135 | Zot:5    | Killed an orb of fire
133156 | Zot:5    | Noticed an orb of fire
133159 | Zot:5    | Noticed an orb of fire
133167 | Zot:5    | Gained mutation: Scrolls take you a little longer to read. [an orb of fire]
133172 | Zot:5    | Gained mutation: Your body is slowly deteriorating. [an orb of fire]
133179 | Zot:5    | Killed an orb of fire
133184 | Zot:5    | Killed an orb of fire
133361 | Zot:5    | Noticed an ancient lich
133370 | Zot:5    | Killed an ancient lich
133432 | Zot:5    | Noticed an orb of fire
133593 | Zot:5    | Killed an orb of fire
133612 | Zot:5    | Lost mutation: Your body is slowly deteriorating. [potion of cure mutation]
133612 | Zot:5    | Lost mutation: Scrolls take you a little longer to read. [potion of cure mutation]
133681 | Zot:5    | Reached skill level 15 in Spellcasting
133730 | Zot:5    | Got the Orb of Zot
133796 | Zot:5    | Noticed an ancient lich
133803 | Zot:5    | Killed an ancient lich
133805 | Zot:5    | Noticed an ancient lich
134034 | D:10     | Noticed Momar the pandemonium lord
134044 | D:10     | Killed Momar the pandemonium lord
134273 | D:3      | Noticed Eruseass the pandemonium lord
134293 | D:3      | Killed Eruseass the pandemonium lord
134335 | D:$      | Escaped with the Orb!

Action                   |  1- 3 |  4- 6 |  7- 9 | 10-12 | 13-15 | 16-18 | 19-21 | 22-24 | 25-27 || total
-------------------------+-------+-------+-------+-------+-------+-------+-------+-------+-------++-------
Melee: War axe           |   103 |   220 |   484 |    40 |       |       |       |       |       ||   847
       Broad axe         |       |       |       |   799 |    76 |       |       |       |       ||   875
       Battleaxe         |       |       |       |       |  1469 |  1359 |  1466 |  1266 |  4365 ||  9925
       Great mace        |       |       |       |       |       |    18 |   256 |   505 |  6081 ||  6860
       Whip              |       |       |       |       |       |       |    90 |       |       ||    90
       Eudemon blade     |       |       |       |       |       |       |       |       |  3342 ||  3342
       Sacred scourge    |       |       |       |       |       |       |       |       |    15 ||    15
       Unarmed           |       |       |       |       |       |       |       |       |     5 ||     5
Invok: Sacrifice Stealth |       |       |     1 |       |       |       |       |       |       ||     1
       Sacrifice Essence |       |       |     1 |       |     1 |       |       |       |       ||     2
       Sacrifice Nimblen |       |       |       |     1 |       |       |       |       |       ||     1
       Sacrifice Arcana  |       |       |       |     1 |       |       |       |       |       ||     1
       Sacrifice Words   |       |       |       |       |     1 |       |       |       |       ||     1
       Apocalypse        |       |       |       |       |       |     2 |     2 |       |    37 ||    41
 Abil: Dig               |       |       |       |       |     1 |       |       |       |    47 ||    48
       Shaft Self        |       |       |       |       |       |       |       |       |    14 ||    14
       Evoke Flight      |       |       |       |       |       |       |       |       |     2 ||     2
Evoke: Wand              |       |       |       |     9 |    10 |     3 |       |       |    63 ||    85
  Use: Scroll            |       |       |    13 |     6 |    10 |     7 |    16 |    10 |   140 ||   202
       Potion            |       |       |     3 |     7 |     7 |    15 |    11 |     1 |    93 ||   137
 Stab: Invisible         |       |       |       |     8 |    28 |    19 |    33 |    26 |   189 ||   303
       Distracted        |       |       |       |     2 |     8 |     4 |     7 |     6 |    52 ||    79
       Paralysed         |       |       |       |     1 |     3 |    31 |    22 |    15 |    84 ||   156
       Fleeing           |       |       |       |       |     1 |       |       |       |       ||     1
       Petrified         |       |       |       |       |       |       |       |       |     8 ||     8
       Petrifying        |       |       |       |       |       |       |       |       |     5 ||     5
       Confused          |       |       |       |       |       |       |       |       |     2 ||     2
  Eat: Chunk             |     1 |     1 |    22 |    23 |    40 |    31 |    28 |    18 |    86 ||   250
       Meat ration       |       |     1 |       |     1 |       |       |     1 |     2 |    17 ||    22
       Beef jerky        |       |       |       |       |     1 |     1 |     7 |     2 |     6 ||    17
       Fruit             |       |       |       |       |       |     3 |       |     2 |    54 ||    59
       Bread ration      |       |       |       |       |       |       |       |     2 |    16 ||    18
       Pizza             |       |       |       |       |       |       |       |       |     7 ||     7
       Royal jelly       |       |       |       |       |       |       |       |       |     3 ||     3
